 Dungeon Crawl Stone Soup version 0.25-a0-940-gc6eaff51cc (webtiles) character file.

Game seed: 9027128473274998653, levelgen mode: deterministic

1257 DavidChitty2 the Chopper (level 8, 0/71 HPs)
             Began as a Minotaur Fighter on May 5, 2020.
             Shot with an arrow by a centaur (5 damage)
             ... on level 8 of the Dungeon.
             The game lasted 00:04:55 (4588 turns).

DavidChitty2 the Chopper (Minotaur Fighter)         Turns: 4588, Time: 00:04:56

Health: 0/71       AC: 13    Str: 24    XL:     8   Next: 26%
Magic:  7/7        EV:  5    Int:  5    God:
Gold:   259        SH: 10    Dex:  9    Spells: 7/7 levels left

rFire    + . .     SeeInvis .   a - +0 war axe
rCold    . . .     Gourm    .   c - +0 kite shield
rNeg     . . .     Faith    .   u - +1 plate armour
rPois    .         Spirit   .   (helmet restricted)
rElec    .         Reflect  .   (no cloak)
rCorr    .         Harm     .   (no gloves)
MR       .....                  (no boots)
Stlth    ..........             p - amulet of the acrobat
HPRegen  0.21/turn              i - ring of protection from fire
MPRegen  0.10/turn              (no ring)

@: mighty, hasted and slowed
A: retaliatory headbutt, horns 2
a: no special abilities


You were on level 8 of the Dungeon.
You were not hungry.

You visited 1 branch of the dungeon, and saw 6 of its levels.

You collected 259 gold pieces.

Inventory:

Hand Weapons
 a - a +0 war axe (weapon)
Armour
 c - a +0 kite shield (worn)
 u - a +1 plate armour (worn)
   (You found it on level 1 of the Dungeon)
Jewellery
 h - an uncursed ring of ice
   (You found it on level 1 of the Dungeon)
 i - a ring of protection from fire (left hand)
   (You found it on level 3 of the Dungeon)
 p - an amulet of the acrobat (around neck)
   (You found it on level 3 of the Dungeon)
 r - an uncursed ring of flight
   (You found it on level 3 of the Dungeon)
Scrolls
 f - 2 scrolls of teleportation {@r4}
 j - 5 scrolls of remove curse {@r2}
Potions
 g - a potion of haste {@q3}
 k - a potion of degeneration {unknown}
 n - a potion of cancellation
 s - a potion of brilliance
Comestibles
 b - 8 chunks of flesh
 e - 6 rations {!d}


   Skills:
 + Level 6.5 Fighting
 * Level 7.9 Axes
 + Level 6.3 Armour
 + Level 6.4 Shields


You had 7 spell levels left.
You didn't know any spells.
Your spell library was empty.

Dungeon Overview and Level Annotations

Branches:
Dungeon (5/15)
 Temple: D:4-7

Altars:
Fedhas


Innate Abilities, Weirdness & Mutations

You reflexively headbutt those who attack you in melee.
You have a pair of horns on your head.


Message History

The kobold hits you but does no damage.
The hornet stings you but does no damage.
The howler monkey hits you but does no damage.
You block the sky beast's attack. The kobold hits you but does no damage.
You miss the hornet. You closely miss the kobold. x2
You closely miss the howler monkey. You miss the sky beast.
The hornet stings you.
* * * LOW HITPOINT WARNING * * *
You feel as though you will be slow longer.
The centaur shoots an arrow.
The arrow hits you.
* * * LOW HITPOINT WARNING * * *
The howler monkey hoots and howls with incredible vigour!
The kobold hits you but does no damage. You block the hornet's attack.
The sky beast flickers out of sight!
Deactivating autopickup; reactivate with Ctrl-A.
Something hits you.
* * * LOW HITPOINT WARNING * * *
Something shocks you.
* * * LOW HITPOINT WARNING * * *
The centaur shoots an arrow.
You block the arrow.
The howler monkey hits you but does no damage.
The kobold hits you but does no damage. The kobold barely misses you.
You block the hornet's attack. Something hits you but does no damage.
The centaur shoots an arrow.
The arrow barely misses you.
The arrow barely misses the kobold.
The howler monkey barely misses you.
Unknown command.
You slash the hornet!
You kill the hornet!
You slash the iguana! You closely miss something.
You closely miss the howler monkey. You closely miss the kobold.
You completely miss the kobold.
The centaur shoots an arrow.
The arrow hits you but does no damage. You block the kobold's attack.
The iguana bites you.
* * * LOW HITPOINT WARNING * * *
You block the kobold's attack. Something hits you but does no damage.
The howler monkey hits you but does no damage.
The centaur shoots an arrow.
You block the arrow. The kobold hits you.
* * * LOW HITPOINT WARNING * * *
You block the kobold's attack.
The iguana bites you but does no damage.
Something hits you but does no damage.
The howler monkey hits you but does no damage.
It was a potion of haste.
You feel yourself speed up.
The centaur shoots an arrow.
You block the arrow. The kobold barely misses you.
You block the iguana's attack. You block the kobold's attack.
Something hits you but does no damage.
The centaur shoots an arrow.
The arrow hits you.
You die...

#....≈≈.$##.≈≈...
.....≈≈§..$.≈≈..
....#§≈≈..§§≈. .
.....#§≈≈≈≈§#... .
#..v#≈≈≈≈#...# ...
#.....?......
....######$..........
......l({c...#.......
....#.@†#.....###...
. #KKh#...#K# #
#.Zv..###..# #.##...#
.... .. ...........
.##............ ..
###...... . .....


You could see a centaur, an insubstantial wisp, a howler monkey, an iguana, a
water moccasin zombie and 2 kobolds.

Vanquished Creatures
  A hornet (D:8)
  3 sky beasts
  A centaur (D:5)
  A big kobold (D:8)
  2 bullfrogs
  2 howler monkeys (D:8)
  A hound (D:8)
  2 orc priests (D:4)
  A bullfrog skeleton (D:5)
  3 orc wizards
  2 worker ants (D:4)
  A howler monkey skeleton (D:4)
  4 adders
  2 adder skeletons (D:4)
  3 worms
  2 dart slugs
  2 leopard geckos
  21 orcs
  3 bats
  3 giant cockroaches
  10 goblins
  6 hobgoblins
  7 jackals
  5 kobolds
  A quokka (D:2)
  A ball python skeleton (D:4)
  7 frilled lizards
  A quokka skeleton (D:4)
  2 rats
100 creatures vanquished.

Vanquished Creatures (others)
  A necrophage (D:8)
  A howler monkey (D:8)
  A worker ant (D:8)
  3 plants (D:3)
6 creatures vanquished.

Grand Total: 106 creatures vanquished

Notes
Turn   | Place    | Note
-------+----------+-------------------------------------------
     0 | D:1      | DavidChitty2 the Minotaur Fighter began the quest for the
                  | Orb.
     0 | D:1      | Reached XP level 1. HP: 19/19 MP: 0/0
   192 | D:1      | Reached XP level 2. HP: 27/27 MP: 1/1
   416 | D:1      | Reached skill level 3 in Axes
   824 | D:2      | Reached XP level 3. HP: 33/33 MP: 2/2
  1150 | D:2      | Found a blossoming altar of Fedhas.
  1629 | D:3      | Reached XP level 4. HP: 40/40 MP: 3/3
  1833 | D:3      | Reached skill level 4 in Axes
  1909 | D:3      | Noticed a bullfrog
  1918 | D:3      | Killed a bullfrog
  1918 | D:3      | Reached XP level 5. HP: 34/47 MP: 4/4
  2099 | D:3      | Found a faded altar of an unknown god.
  2884 | D:4      | Reached skill level 5 in Axes
  3077 | D:4      | Reached skill level 5 in Fighting
  3077 | D:4      | Reached skill level 5 in Shields
  3077 | D:4      | Reached XP level 6. HP: 43/56 MP: 5/5
  3415 | D:4      | Reached skill level 5 in Armour
  4305 | D:5      | Entered Level 5 of the Dungeon
  4323 | D:5      | Reached skill level 6 in Axes
  4323 | D:5      | Reached XP level 7. HP: 60/61 MP: 6/6
  4563 | D:5      | You fall into a shaft and drop 3 floors!
  4577 | D:8      | Noticed a hornet
  4578 | D:8      | Reached skill level 7 in Axes
  4580 | D:8      | Reached XP level 8. HP: 44/70 MP: 7/7
  4587 | D:8      | Killed a hornet
  4588 | D:8      | Shot with an arrow by a centaur

Levels and vault maps discovered:
D:1:      nicolae_arrival_somewhat_less_tricky_arrival, layout_basic
D:2:      layout_basic, fedhas_altar_1, mrwooster_statue_mirror
D:3:      layout_basic, first_ration, chequers_ecumenical_altar_lobes
D:4:      layout_layer_cave, hangedman_decor_clover_reticule
D:5:      layout_loops_ring, dancing_weapons_uskayaw, minmay_hedge_maze,
          minivault_23, minmay_misc_feat_plants, nemelex_diamond_rough_becter
D:8:      kennysheep_steamy, layout_cave_pools, minitemple, serial_shops, shop,
          hangedman_misty_isle

Skill      XL: |  1  2  3  4  5  6  7 |
---------------+----------------------+-----
Axes           | 3 4 5 6 7 |  7.9
Fighting       | 4 5 6 |  6.5
Shields        | 4 5 6 |  6.4
Armour         | 4 5 6 |  6.3

Action                   |  1- 3 |  4- 6 |  7- 9 || total
-------------------------+-------+-------+-------++-------
Melee: War axe           |   139 |   161 |    38 ||   338
       Headbutt          |    10 |    30 |     5 ||    45
  Use: Scroll            |       |    10 |       ||    10
       Potion            |       |       |     4 ||     4
  Eat: Chunk             |     3 |     8 |     1 ||    12
Armor: Scale mail        |    11 |       |       ||    11
       Plate armour      |    75 |    72 |    70 ||   217
Dodge: Dodged            |    26 |    26 |    17 ||    69
Block: Kite shield       |    83 |    73 |    47 ||   203

Table legend:
 A = Non-vault XP
 B = Vault XP
 C = Vault XP percentage of total XP
 D = Non-vault monster count
 E = Vault monster count
 F = Vault count percentage of total count
                 A         B        C        D         E       F
            +---------+---------+-------+---------+---------+-------
      Total |    1660 |     136 |   7.6 |     102 |       1 |   1.0
            +---------+---------+-------+---------+---------+-------
        D:1 |      39 |       0 |   0.0 |      21 |       0 |   0.0
        D:2 |      35 |       0 |   0.0 |      11 |       0 |   0.0
        D:3 |     211 |       0 |   0.0 |      27 |       0 |   0.0
        D:4 |     410 |       0 |   0.0 |      30 |       0 |   0.0
        D:5 |     289 |       0 |   0.0 |       4 |       0 |   0.0
        D:8 |     676 |     136 |  16.7 |       9 |       1 |  10.0
            +---------+---------+-------+---------+---------+-------
